 Dungeon Crawl Stone Soup version 0.19-a0-139-gefc6d61 (webtiles) character file.

2768 Duffy the Nimble (level 9, 55/55 HPs)
             Began as a Deep Elf Summoner on May 18, 2016.
             Quit the game on level 8 of the Dungeon.
             The game lasted 00:17:09 (11298 turns).

Duffy the Nimble (Deep Elf Summoner)               Turns: 11298, Time: 00:17:10

Health: 55/55      AC:  6    Str:  5    XL:     9   Next: 42%
Magic:  19/19      EV: 19    Int: 21    God:
Gold:   422        SH:  3    Dex: 18    Spells: 6 memorised, 4 levels left

rFire  . . .     SeeInvis .     A - +1 dire flail (crush)
rCold  . . .     Gourm    .     a - +0 robe
rNeg   . . .     Faith    .     (shield currently unavailable)
rPois  .         Spirit   .     h - +0 helmet
rElec  .         Dismiss  .     j - +1 cloak
rCorr  .         Reflect  +     d - +0 pair of gloves
SustAt .         Harm     .     (no boots)
MR     .....                    O - +3 amulet of reflection
Stlth  ++........               (no ring)
                                (no ring)

@: not resistant to hostile enchantments, unstealthy
A: no striking features
a: no special abilities


You were on level 8 of the Dungeon.
You were not hungry.

You visited 2 branches of the dungeon, and saw 9 of its levels.

You collected 422 gold pieces.


   Skills:
 + Level 6.2 Fighting
 + Level 9.1 Dodging
 - Level 2.4 Stealth
 - Level 5.5 Spellcasting
 - Level 8.0 Summonings
 - Level 3.0 Ice Magic


You had 4 spell levels left.
You knew the following spells:

 Your Spells              Type           Power        Failure   Level  Hunger
h - Summon Small Mammal   Summ           ####         1%          1    None
i - Call Imp              Summ           #####...     1%          2    None
j - Summon Lightning Spi  Summ/Air       ###.....     24%         4    ####...
l - Summon Ice Beast      Ice/Summ       ####....     14%         4    ####...
n - Call Canine Familiar  Summ           #####...     1%          3    ##.....
t - Summon Butterflies    Summ           #####...     1%          1    None

Inventory:

Hand Weapons
 A - a +1 dire flail of crushing (weapon)
Missiles
 i - 303 stones (quivered)
Armour
 a - a +0 robe (worn)
 d - a +0 pair of gloves (worn)
 h - a +0 helmet (worn)
 j - a +1 cloak (worn)
Magical Staves
 D - an uncursed staff of earth
Jewellery
 N - an uncursed ring of wizardry {unknown}
 O - a +3 amulet of reflection (around neck)
Wands
 G - a wand of flame (30/48)
 M - a wand of disintegration (11/24)
Scrolls
 m - 2 scrolls of blinking
 r - a scroll of fear {unknown}
 t - 6 scrolls of remove curse
 v - 3 scrolls of teleportation {unknown}
 y - 4 scrolls of identify
 B - a scroll of immolation {unknown}
 C - a scroll of amnesia {unknown}
 E - a scroll of fog {unknown}
 H - 3 scrolls of magic mapping {unknown}
 K - 2 scrolls of recharging {unknown}
Potions
 e - a potion of degeneration {unknown}
 f - a potion of beneficial mutation {unknown}
 g - a potion of flight {unknown}
 p - 4 potions of brilliance
 q - 2 potions of haste {unknown}
 u - 4 potions of might {unknown}
 w - 2 potions of lignification {unknown}
 I - 3 potions of mutation {unknown}
 J - a potion of magic {unknown}
 L - 2 potions of agility
Books
 b - a book of Callings
 l - a book of Party Tricks
 s - a book of Transfigurations
 z - a book of Fire
Comestibles
 c - 5 bread rations
 k - a meat ration
 n - 6 fruits
 o - 3 slices of pizza
 x - 3 beef jerkies
 F - 6 chunks of flesh

Dungeon Overview and Level Annotations

Branches:
Dungeon (8/15)             Temple (1/1) D:4
   Lair: D:8-11

Altars:
Ashenzari
Cheibriados
Dithmenos
Elyvilon
Fedhas
Gozag
Makhleb
Nemelex Xobeh
Okawaru
Pakellas
Qazlal
Sif Muna
Trog
Vehumet
Yredelemnul
Zin
The Shining One


Message History

The giant frog is severely wounded.
The giant frog hits you but does no damage.
The orc splashes around in the water.
Your hound closely misses the orc.
The orc barely misses you.
Your ice beast closely misses the giant frog.
The giant frog hits you but does no damage.
Your ice beast hits the orc but does no damage.
The orc hits you but does no damage. The orc closely misses you.
You thump the giant frog!
You kill the giant frog!
Your hound barely misses the orc.
Your hound bites the orc.
The orc dies!
You hear a splash. x2
You block the orc's attack. The orc completely misses you.
Your ice beast hits the orc.
Your ice beast freezes the orc!
The orc dies!
You hear a splash. x2
You puncture the orc!
You kill the orc!
No target in view!
No target in view!
You swap places.
Things that are here:
a dagger; a leather armour There isn't anything to butcher here.
You enter the shallow water.
Moving in this stuff is going to be slow.
Things that are here:
a dagger; a leather armour; an orc corpse You butcher the orc corpse.
F - 4 chunks of flesh (gained 1)
Things that are here:
a dagger; a leather armour You swap places.
Things that are here:
a club; a leather armour; an orc corpse You butcher the orc corpse.
F - 6 chunks of flesh (gained 2)
Things that are here:
a club; a leather armour You swap places.
There isn't anything here!
You swap places.
Things that are here:
a dagger; a leather armour You start resting.
Your ice beast disappears in a puff of smoke! x2
Magic restored.
There is a deep blue altar of Sif Muna here.
Are you sure you want to abandon this character and quit the game? (Confirm with "yes".)

############.#### ##..#
#..# ##..## ####.#
######..... #....#
...<...>... #.#########
###.####... #.###~~~~~##
.. #..# #.##~~~~~~~# ##
#... #.##%~...~~#####
#..#
#..'.)h@.~~#...######...
####))...~~###......#.##
#~~~~~~~# ######.....
##~~~~~## ###.## #######
##[.## ##))## #<.##
####[## ##....#


You could see a friendly hound.

Action                   |  1- 3 |  4- 6 |  7- 9 || total
-------------------------+-------+-------+-------++-------
Melee: Dire flail        |       |     7 |   123 ||   130
Throw: Stone             |     9 |     7 |     1 ||    17
 Cast: Summon Small Mamm |    74 |       |       ||    74
       Call Imp          |    20 |    10 |       ||    30
       Call Canine Famil |     3 |    22 |    29 ||    54
       Summon Ice Beast  |       |    13 |    57 ||    70
       Summon Lightning  |       |       |     1 ||     1
  Use: Scroll            |       |     6 |       ||     6
 Stab: Sleeping          |       |       |     6 ||     6
       Distracted        |       |       |     1 ||     1
  Eat: Chunk             |     5 |     9 |    30 ||    44
       Royal jelly       |       |     1 |       ||     1
Armor: Robe              |    23 |     9 |    41 ||    73
Dodge: Dodged            |    38 |    22 |   185 ||   245
Block: Other             |       |       |     2 ||     2

Notes
Turn   | Place    | Note
--------------------------------------------------------------
     0 | D:1      | Duffy the Deep Elf Summoner began the quest for the Orb.
     0 | D:1      | Reached XP level 1. HP: 10/10 MP: 6/6
   578 | D:1      | Reached XP level 2. HP: 15/15 MP: 5/8
   582 | D:1      | Learned a level 2 spell: Call Imp
  1061 | D:1      | Reached skill level 5 in Summonings
  1563 | D:2      | Reached XP level 3. HP: 19/19 MP: 5/10
  1568 | D:2      | Learned a level 3 spell: Call Canine Familiar
  1627 | D:2      | Found a burning altar of Makhleb.
  1628 | D:2      | Noticed a cacodemon
  1632 | D:2      | Noticed a ynoxinul
  1632 | D:2      | Noticed a neqoxec
  1766 | D:2      | Found a glowing silver altar of Zin.
  2211 | D:3      | Reached skill level 4 in Spellcasting
  2451 | D:3      | Reached XP level 4. HP: 24/24 MP: 1/12
  2457 | D:3      | Learned a level 4 spell: Summon Ice Beast
  3111 | D:3      | Reached skill level 1 in Ice Magic
  3301 | D:4      | Reached XP level 5. HP: 27/28 MP: 11/14
  3337 | D:4      | Noticed Kidiri's ghost (amateur HEFE)
  3355 | D:4      | Killed Kidiri's ghost
  3355 | D:4      | Reached skill level 5 in Spellcasting
  3355 | D:4      | Reached skill level 6 in Summonings
  3442 | D:4      | Learned a level 4 spell: Summon Lightning Spire
  3482 | D:4      | Found a staircase to the Ecumenical Temple.
  3488 | Temple   | Entered the Ecumenical Temple
  3764 | D:4      | Noticed Edmund
  4272 | D:4      | Killed Edmund
  4272 | D:4      | Reached skill level 2 in Ice Magic
  4417 | D:4      | Found a basalt altar of Yredelemnul.
  4455 | D:5      | Entered Level 5 of the Dungeon
  4509 | D:5      | Noticed an ice beast
  4531 | D:5      | Killed an ice beast
  4531 | D:5      | Reached XP level 6. HP: 26/32 MP: 5/16
  4601 | D:5      | Learned a level 1 spell: Summon Butterflies
  4611 | D:5      | Noticed Menkaure
  4621 | D:5      | Killed Menkaure
  4768 | D:5      | Noticed Pikel
  4768 | D:5      | Noticed a slave
  4768 | D:5      | Noticed a slave
  4768 | D:5      | Noticed a slave
  4768 | D:5      | Noticed a slave
  4814 | D:4      | Killed a slave
  5016 | D:4      | Killed a slave
  5016 | D:4      | Killed Pikel
  5016 | D:4      | Reached skill level 7 in Summonings
  5016 | D:4      | Reached XP level 7. HP: 30/37 MP: 2/17
  5195 | D:5      | Reached skill level 1 in Fighting
  5195 | D:5      | Reached skill level 3 in Ice Magic
  5204 | D:5      | Reached skill level 8 in Summonings
  5618 | D:5      | Noticed Dowan
  5619 | D:5      | Noticed Duvessa
  5626 | D:5      | Killed Duvessa
  5626 | D:5      | Reached skill level 3 in Dodging
  5631 | D:5      | Killed Dowan
  5751 | D:5      | Noticed Crazy Yiuf
  5763 | D:5      | Killed Crazy Yiuf
  5763 | D:5      | Reached skill level 2 in Fighting
  6052 | D:5      | Reached skill level 4 in Dodging
  6564 | D:6      | Found an iron altar of Okawaru.
  6767 | D:6      | Reached XP level 8. HP: 33/45 MP: 10/18
  6916 | D:6      | Reached skill level 3 in Fighting
  6916 | D:6      | Reached skill level 5 in Dodging
  7131 | D:6      | Found a stormy altar of Qazlal.
  8305 | D:7      | Reached skill level 6 in Dodging
  8444 | D:7      | Found a bloodstained altar of Trog.
  8463 | D:7      | Reached skill level 4 in Fighting
  9671 | D:8      | Found an oddly glowing altar of Pakellas.
  9675 | D:8      | Reached skill level 7 in Dodging
  9759 | D:8      | Noticed Erolcha
  9768 | D:8      | Killed Erolcha
  9768 | D:8      | Reached skill level 5 in Fighting
  9768 | D:8      | Reached XP level 9. HP: 54/54 MP: 0/19
 10132 | D:7      | Reached skill level 8 in Dodging
 10705 | D:8      | Noticed Grum
 10960 | D:8      | Reached skill level 6 in Fighting
 10965 | D:8      | Killed Grum
 10969 | D:8      | Reached skill level 9 in Dodging
 11131 | D:8      | Found a snail-covered altar of Cheibriados.
 11226 | D:8      | Found a deep blue altar of Sif Muna.
 11298 | D:8      | Quit the game

Skill      XL: |  1  2  3  4  5  6  7  8  9 |
---------------+----------------------------+-----
Summonings     | 5 6 7 8 |  8.0
Spellcasting   | 4 5 |  5.5
Ice Magic      | 1 2 3 |  3.0
Fighting       | 2 5 6 |  6.2
Dodging        | 4 7 9 |  9.1
Stealth        | |  2.4

Vault maps used:
D:1:      dpeg_arrival_concentric_ovals
D:2:      zin_statuary, makhleb_altar_promises_db, serial_aquarium,
          aquarium_bridge_square, aquarium_window_1, aquarium_window_2,
          aquarium_view_2b, aquarium_pool_split, minmay_cut_off
D:4:      marbit_many_paths, temple_green, uniq_edmund
D:5:      first_bread, serial_glass, glass_columns_b, glass_columns_b,
          uniq_menkaure, uniq_pikel, uniq_duvessa, uniq_crazy_yiuf_cottage
D:6:      nicolae_overflow_crystal_walls, overflow_temple_1_default,
          minmay_misc_feat_encased
D:7:      bloody_trog, serial_corexii_hall, corexii_hall_statues_i,
          corexii_hall_statues_s
D:8:      lemuel_mausoleum_altar_kikubaaqudgha, johnstein_pakellas_death_squad,
          lemuel_crystal_altar, nicolae_overflow_hidden_temple, led_sif_pool,
          uniq_grum, uniq_erolcha
Temple:   temple_eino_lava_8

Vanquished Creatures
  Erolcha Pikel
  A two-headed ogre Grum Menkaure Edmund
  The ghost of Kidiri the Firebug, an amateur HEFE of Vehumet Duvessa
  A water moccasin
  An ice beast
  4 orc warriors
  2 slaves
  An ogre
  4 wolves
  A phantom
  4 centaurs
  A big kobold
  4 giant frogs Dowan
  3 killer bees
  4 wights
  2 crimson imps
  A jelly
  2 wasp zombies
  3 hounds
  7 orc wizards Crazy Yiuf
  3 orc priests
  A gnoll shaman
  A giant frog skeleton
  3 iguanas
  2 worker ants
  A hound skeleton
  2 worker ant zombies
  3 gnolls
  5 adders
  A shadow imp
  An ooze
  An adder skeleton
  A dart slug
  4 giant geckos
  27 orcs
  2 ball pythons
  7 giant cockroaches
  6 goblins
  5 hobgoblins
  8 jackals
  A quokka
  7 bats
  2 giant gecko zombies
  9 giant newts
  A jackal skeleton
  11 kobolds
  5 rats
175 creatures vanquished.
